 Dungeon Crawl Stone Soup version 0.17-a0-2127-g1cb09f6 (webtiles) character file.

1630 kosy22 the Chopper (level 8, 0/70 HPs)
             Began as a Hill Orc Fighter on Oct 23, 2015.
             Was an Initiate of Beogh.
             Succumbed to Ijustatesigmund's ghost's poison
             ... on level 7 of the Dungeon.
             The game lasted 00:14:30 (6726 turns).

kosy22 the Chopper (Hill Orc Fighter)               Turns: 6726, Time: 00:14:31

Health: 0/70       AC: 14    Str: 26    XL:     8   Next: 97%
Magic:  8/8        EV:  8    Int:  8    God:    Beogh [......]
Gold:   429        SH: 11    Dex: 10    Spells: 0 memorised, 7 levels left

rFire  . . .     SeeInvis .     a - +1 war axe
rCold  . . .     Clarity  .     q - +0 chain mail
rNeg   . . .     SustAt   .     c - +0 shield
rPois  .         Gourm    .     (no helmet)
rElec  .         Spirit   .     (no cloak)
rCorr  .         Warding  .     p - +1 pair of gloves
rMut   .         Stasis   .     m - +0 pair of boots
MR     .....                    (no amulet)
Stlth  ..........               (no ring)
                                C - +5 ring of strength

@: lethally poisoned (0 -> -35), very slightly contaminated, not resistant to
hostile enchantments, extremely unstealthy
A: no striking features
a: Renounce Religion


You were on level 7 of the Dungeon.
You worshipped Beogh.
Beogh was noncommittal.
You were full.

You visited 1 branch of the dungeon, and saw 7 of its levels.

You collected 429 gold pieces.

Inventory:

Hand Weapons
 a - a +1 war axe (weapon)
Armour
 b - a +0 scale mail
 c - a +0 shield (worn)
 m - a +0 pair of boots (worn)
 p - a +1 pair of gloves (worn)
 q - a +0 chain mail (worn)
 F - a +1 ring mail of fire resistance
Jewellery
 e - a cursed ring of protection from cold
 C - a +5 ring of strength (left hand)
Wands
 y - a wand of random effects (32)
 E - a wand of flame (48)
Scrolls
 g - 2 scrolls of remove curse
 i - a scroll of noise
 r - a scroll of fog {unknown}
 G - a scroll of identify
Potions
 d - 4 potions of might
 f - a potion of berserk rage {unknown}
 h - 4 potions of flight {unknown}
 j - 4 potions of heal wounds {unknown}
 k - a potion of magic
 n - 2 potions of cancellation {unknown}
 u - a potion of brilliance {unknown}
 w - 2 potions of haste {unknown}
 A - a potion of degeneration {unknown}
Books
 t - a book of Enchantments

   Spells                             Type                      Level
   a - Cause Fear                     Hexes                        4
   b - Silence                        Hexes/Air                    5
   c - Deflect Missiles               Charms/Air                   6
   d - Haste                          Charms                       6
   e - Discord                        Hexes                        8
Comestibles
 s - a royal jelly


   Skills:
 + Level 6.2 Fighting
 + Level 7.6 Axes
 + Level 7.1 Armour
 + Level 3.0 Dodging
 + Level 0.5 Stealth
 + Level 6.1 Shields
 + Level 0.2 Evocations


You had 7 spell levels left.
You didn't know any spells.

Dungeon Overview and Level Annotations

Branches:
Dungeon (7/15)             Temple (0/1) D:5

Altars:
Dithmenos
Jiyva

Shops:
D:6 *

Annotations:
D:7 Ijustatesigmund's ghost, novice OpAs


Message History

It is a scroll of enchant armour.
Enchant which item? (? for menu, Esc to quit)
Your +0 pair of gloves glows green for a moment.
* * * LOW HITPOINT WARNING * * *
You feel very sick.
Read which item? (? for menu, Esc to quit)
As you read the scroll labeled QICWUU AMEIGO, it crumbles to dust.
You hear a loud clanging noise!
It was a scroll of noise.
* * * LOW HITPOINT WARNING * * *
You feel very sick.
The killer bee stings you but does no damage.
The killer bee stings you.
* * * LOW HITPOINT WARNING * * *
Read which item? (? for menu, Esc to quit)
As you read the scroll labeled FON ENYOLOKHI, it crumbles to dust.
It is a scroll of enchant weapon.
Enchant which weapon? (? for menu, Esc to quit)
Your +0 war axe glows red for a moment.
You die...

########### #....@....#
#...yy....############
####...y.....##.........#
............##..........
##.y.W......##.........# .
##y........##.........#
...y####........(##.........#
..$Syy.......................
...y####.........#.########.#


You could see 5 killer bees and Ijustatesigmund's ghost.

Vanquished Creatures
  Pikel (D:5)
  A hungry ghost (D:7)
  A centaur (D:5)
  A phantom (D:6)
  A giant frog (D:6)
  2 scorpions (D:4)
  2 crimson imps (D:6)
  A centaur zombie (D:5)
  A quasit (D:7)
  2 giant frog skeletons
  2 jellies (D:6)
  An orc wizard (D:4)
  2 worker ants
  A hound skeleton (D:5)
  A worker ant zombie (D:5)
  Robin (D:3)
  8 gnolls
  10 adders
  2 shadow imps
  8 oozes
  An adder skeleton (D:4)
  3 worms
  5 giant geckos
  15 orcs
  2 ball pythons
  6 bats
  8 giant cockroaches
  15 goblins
  9 hobgoblins
  12 kobolds
  3 quokkas
  9 giant newts
  A quokka skeleton (D:5)
  14 rats
152 creatures vanquished.

Vanquished Creatures (others)
  A centaur (D:5)
  An orc wizard (D:5)
  An orc priest (D:5)
  2 gnolls (D:5)
  4 orcs
  A giant cockroach zombie (D:5)
10 creatures vanquished.

Grand Total: 162 creatures vanquished

Notes
Turn   | Place    | Note
--------------------------------------------------------------
     0 | D:1      | kosy22 the Hill Orc Fighter began the quest for the Orb.
     0 | D:1      | Reached XP level 1. HP: 19/19 MP: 1/1
    45 | D:1      | Reached XP level 2. HP: 21/26 MP: 2/2
   281 | D:1      | Reached XP level 3. HP: 28/33 MP: 3/3
   988 | D:2      | Reached skill level 4 in Fighting
  1034 | D:2      | Reached XP level 4. HP: 16/40 MP: 4/4
  1387 | D:2      | Reached skill level 1 in Dodging
  1566 | D:2      | Found a shadowy altar of Dithmenos.
  2083 | D:2      | Reached XP level 5. HP: 42/47 MP: 5/5
  3002 | D:3      | Noticed Robin
  3010 | D:3      | Killed Robin
  3836 | D:4      | Reached XP level 6. HP: 24/53 MP: 6/6
  4419 | D:5      | Entered Level 5 of the Dungeon
  4444 | D:5      | Reached skill level 5 in Fighting
  4444 | D:5      | Reached skill level 5 in Armour
  4444 | D:5      | Reached XP level 7. HP: 58/61 MP: 7/7
  4485 | D:5      | Reached skill level 5 in Axes
  4535 | D:5      | Found a staircase to the Ecumenical Temple.
  4539 | D:5      | Noticed Pikel
  4557 | D:5      | Killed Pikel
  4557 | D:5      | Reached skill level 6 in Axes
  4557 | D:5      | Reached skill level 5 in Shields
  4557 | D:5      | Reached XP level 8. HP: 54/69 MP: 8/8
  5943 | D:6      | Found Mahoje's Assorted Antiques.
  5964 | D:6      | Became a worshipper of Beogh the Brigand
  6291 | D:6      | Reached skill level 7 in Axes
  6331 | D:6      | Found a viscous altar of Jiyva.
  6705 | D:7      | Noticed Ijustatesigmund's ghost (novice OpAs)
  6725 | D:7      | HP: 2/70 [killer bee (4)]
  6726 | D:7      | Succumbed to Ijustatesigmund's ghost's poison

Vault maps used:
D:1:      erik_arrival_gehennom, fountainhead, st_stairs_4
D:2:      nicolae_dithmenos_shadow_blocks, minivault_5, minmay_rat_gold_closets
D:3:      wad_river_or_something, minmay_item_behind_shaft, uniq_robin
D:5:      minmay_temple_entry_glassed_door, first_bread, dk_noncrumbling_3,
          uniq_pikel
D:6:      serial_shops, kennysheep_mini, jiyva_altar_1

Action                   |  1- 3 |  4- 6 |  7- 9 || total
-------------------------+-------+-------+-------++-------
Melee: War axe           |    86 |   314 |   246 ||   646
Invok: Convert to Beogh  |       |       |     1 ||     1
Evoke: Wand              |       |       |     3 ||     3
  Use: Potion            |     1 |       |       ||     1
       Scroll            |       |     3 |     9 ||    12
  Eat: Royal jelly       |     1 |       |     1 ||     2
       Bread ration      |       |     2 |     2 ||     4
       Beef jerky        |       |     1 |     1 ||     2
       Meat ration       |       |     1 |       ||     1
       Pizza             |       |       |     1 ||     1
